 Dungeon Crawl Stone Soup version 0.23-a0-189-gc87c613 (webtiles) character file.

63 Felrender the Skirmisher (level 3, 31/34 HPs)
             Began as a Minotaur Fighter on Sept 23, 2018.
             Quit the game on level 2 of the Dungeon.
             The game lasted 00:02:49 (1217 turns).

Felrender the Skirmisher (Minotaur Fighter)         Turns: 1217, Time: 00:02:49

Health: 31/34      AC:  7    Str: 21    XL:     3   Next: 87%
Magic:  2/2        EV:  7    Int:  5    God:
Gold:   67         SH:  9    Dex:  9    Spells: 2/2 levels left

rFire    + . .     SeeInvis .   a - +0 war axe
rCold    . . .     Gourm    .   c - +0 shield
rNeg     . . .     Faith    .   b - +0 scale mail
rPois    .         Spirit   .   (helmet unavailable)
rElec    .         Reflect  .   (no cloak)
rCorr    .         Harm     .   (no gloves)
MR       .....                  l - +2 pair of boots
Stlth    ..........             (no amulet)
HPRegen  0.11/turn              (no ring)
MPRegen  0.08/turn              (no ring)

@: no status effects
A: retaliatory headbutt, horns 3, talons 1, deformed body, fire resistance 1
a: no special abilities


You were on level 2 of the Dungeon.
You were not hungry.

You visited 1 branch of the dungeon, and saw 2 of its levels.

You collected 67 gold pieces.

Inventory:

Hand Weapons
 a - a +0 war axe (weapon)
Armour
 b - a +0 scale mail (worn)
 c - a +0 shield (worn)
 l - a +2 pair of boots (worn)
Jewellery
 h - an uncursed ring of wizardry
Scrolls
 e - 2 scrolls of teleportation
 i - a scroll of magic mapping
 k - a scroll of remove curse {unknown}
Potions
 d - a potion of might
 j - a potion of curing {unknown}
 m - a potion of lignification {unknown}
Comestibles
 f - 4 rations
 g - a chunk of flesh


   Skills:
 * Level 4.6 Fighting
 + Level 3.0 Axes
 + Level 4.0 Armour
 + Level 4.4 Shields


You had 2 spell levels left.
You didn't know any spells.
Your spell library was empty.

Dungeon Overview and Level Annotations

Branches:
Dungeon (2/15)

Altars:


Innate Abilities, Weirdness & Mutations

You reflexively headbutt those who attack you in melee.
You have a pair of large horns on your head.
You have sharp toenails.
Armour fits poorly on your strangely shaped body.
Your flesh is heat resistant. (rF+)


Message History

A frilled lizard comes into view.
A frilled lizard is nearby!
You block the frilled lizard's attack. You block the frilled lizard's attack.
You closely miss the frilled lizard.
Your headbutt misses the frilled lizard.
You block the frilled lizard's attack. x2
You barely miss the frilled lizard. You block the frilled lizard's attack.
You closely miss the frilled lizard.
Your headbutt misses the frilled lizard.
You block the frilled lizard's attack. The frilled lizard bites you.
You barely miss the frilled lizard. You block the frilled lizard's attack.
You closely miss the frilled lizard. You block the frilled lizard's attack.
You miss the frilled lizard. You block the frilled lizard's attack.
The frilled lizard barely misses you. You furiously retaliate!
You headbutt the frilled lizard!
You kill the frilled lizard!
You see here a frilled lizard corpse.
Unknown command.
Are you sure you want to abandon this character and quit the game? (Confirm

.♣.♣#.##.# ♣.♣ #
.#.......# ♣.♣ #
.♣.♣.###.# ♣.♣ . .#...#
#.# ♣.♣# .♣.♣.###.#.#
#..# .........[... ##.#
.♣.♣####.#.##.###.###.##
.#.......# #$..........#
.#.####### #..##@..##..#
.#.# #.........# ...
+#.# ###..##.#.# # ...#
#. #.#..# .).## #
#..P... ..>.## .P♣♣...#
.....#


PPP ♣♣... .....+ .PP ... .....# There were no monsters in sight!

Vanquished Creatures
  2 adders (D:2)
  2 dart slugs
  A leopard gecko (D:2)
  A ball python (D:1)
  3 bats (D:1)
  3 giant cockroaches
  4 goblins
  3 hobgoblins (D:1)
  3 jackals (D:1)
  6 kobolds (D:1)
  A quokka (D:2)
  4 frilled lizards
  5 rats
38 creatures vanquished.

Notes
Turn   | Place    | Note
-------+----------+-------------------------------------------
     0 | D:1      | Felrender the Minotaur Fighter began the quest for the Orb.
     0 | D:1      | Reached XP level 1. HP: 19/19 MP: 0/0
   184 | D:1      | Reached XP level 2. HP: 27/27 MP: 1/1
   772 | D:1      | Reached XP level 3. HP: 33/33 MP: 2/2
  1059 | D:2      | Gained mutation: Your flesh is heat resistant. (rF+)
                  | [potion of mutation]
  1059 | D:2      | Gained mutation: You have sharp toenails. [potion of
                  | mutation]
  1059 | D:2      | Gained mutation: Armour fits poorly on your strangely
                  | shaped body. [potion of mutation]
  1059 | D:2      | Gained mutation: You have a pair of large horns on your
                  | head. [potion of mutation]
  1217 | D:2      | Quit the game

Vault maps used:
D:1:      lightli_arrival_statuegarden, serial_bayou_lagoon_a,
          hangedman_glass_teeth, minmay_misc_feat_encased,
          hangedman_decor_slide_cut
D:2:      serial_forest, infiniplex_forest_end_2, infiniplex_forest_lined_4_way,
          infiniplex_forest_straight_2, infiniplex_forest_end_1,
          infiniplex_forest_clump_cross, infiniplex_forest_straight_3,
          infiniplex_forest_lined_2, infiniplex_forest_straight_4,
          infiniplex_forest_clump_double, infiniplex_forest_lined_3

Skill      XL: |  1  2  3 |
---------------+----------+-----
Fighting       | 4 |  4.6
Shields        | 4 |  4.4
Armour         | 4 |  4.0
Axes           | 3 |  3.0

Action                   || total
-------------------------++-------
Melee: War axe           ||    81
       Headbutt          ||    12
  Use: Scroll            ||     6
       Potion            ||     1
  Eat: Chunk             ||     1
Armor: Scale mail        ||    34
Dodge: Dodged            ||    25
Block: Shield            ||    53

Table legend:
 A = Non-vault XP
 B = Vault XP
 C = Vault XP percentage of total XP
 D = Non-vault monster count
 E = Vault monster count
 F = Vault count percentage of total count
                 A         B        C        D         E       F
            +---------+---------+-------+---------+---------+-------
      Total |      90 |       0 |   0.0 |      38 |       0 |   0.0
            +---------+---------+-------+---------+---------+-------
        D:1 |      46 |       0 |   0.0 |      27 |       0 |   0.0
        D:2 |      44 |       0 |   0.0 |      11 |       0 |   0.0
            +---------+---------+-------+---------+---------+-------
